 Dungeon Crawl Stone Soup version 0.31-a0-1098-g6898e6545c (webtiles) character file.

Game seed: 16150772972429450715

118108 TheLordTroll the Tortoise (level 16, -1/159 HPs)
             Began as a Minotaur Fighter on Nov 29, 2023.
             Was the Champion of Elyvilon.
             Constricted to death by a nagaraja (4 damage)
             ... on level 1 of the Snake Pit on Nov 30, 2023.
             The game lasted 02:26:46 (23235 turns).

TheLordTroll the Tortoise (Minotaur Fighter)       Turns: 23235, Time: 02:26:47

Health: -1/159     AC: 38    Str: 28    XL:     16   Next: 24%
Magic:  2/25       EV:  4    Int:  7    God:    Elyvilon [******]
Gold:   2302       SH:  9    Dex: 12    Spells: 15/15 levels left

rFire   + . .        o - +10 lance "Wyrmbane" {slay drac, rPois rF+ rC+ AC+3}
rCold   + . .        F - +0 kite shield
rNeg    . . .        I - +4 crystal plate armour
rPois   +            R - +1 hat
rElec   .            c - +0 cloak
rCorr   .            y - +0 pair of gloves of Kikubaaqudgha's Grace {Str+3}
SInv    .            f - +2 pair of boots
Will    +....        g - amulet of regeneration Stlth
                     W - ring "Rolua" {AC+4 Int+2}
HPRegen 2.06/turn    Z - ring of magical power
MPRegen 0.19/turn

%: clarity
@: lethally poisoned (-1 -> -9), divinely vigorous, about to teleport, slowed,
constricted, very slow
A: horns 2, retaliatory headbutt, clarity, deformed body, regeneration 1,
teleportitis 1, weak 1
a: Renounce Religion, Purification, Heal Other, Heal Self, Divine Vigour


You were on level 1 of the Snake Pit.
You worshipped Elyvilon.
Elyvilon was exalted by your worship.
You visited 6 branches of the dungeon, and saw 24 of its levels.
You also visited: Bailey.

You collected 2484 gold pieces.
You spent 182 gold pieces at shops.

Inventory:

Hand Weapons
 b - a +5 executioner's axe of venom
 h - the +1 long sword of Pain and Death {flame, Dex+5 SInv}
   (You took it off an orc wizard on level 9 of the Dungeon)

   Dex+5:     It affects your dexterity (+5).
   SInv:      It lets you see invisible.
 i - a +3 arbalest
 o - the +10 lance "Wyrmbane" (weapon) {slay drac, rPois rF+ rC+ AC+3}
   (You took it off a yaktaur on level 12 of the Dungeon)

   AC+3:      It affects your AC (+3).
   rF+:       It protects you from fire.
   rC+:       It protects you from cold.
   rPois:     It protects you from poison
 r - a +5 double sword
 X - a +6 scimitar
Missiles
 n - a throwing net
 p - 43 poisoned darts
Armour
 c - a +0 cloak (worn)
 f - a +2 pair of boots (worn)
 y - the +0 pair of gloves of Kikubaaqudgha's Grace (worn) {Str+3}
   (You found it on level 10 of the Dungeon)

   Str+3:     It affects your strength (+3).
 F - a +0 kite shield (worn)
 I - a +4 crystal plate armour (worn)
 R - a +1 hat (worn)
Jewellery
 g - an amulet of regeneration (around neck)
 l - an amulet of reflection
 E - a ring of protection from fire
 J - a ring of magical power
 W - the ring "Rolua" (left hand) {AC+4 Int+2}
   (You acquired it on level 11 of the Dungeon)

   [ring of protection]

   AC+4:      It affects your AC (+4).
   Int+2:     It affects your intelligence (+2).
 Z - a ring of magical power (right hand)
Talismans
 k - a serpent talisman
Wands
 t - a wand of digging (4)
 v - a wand of flame (62)
 B - a wand of mindburst (25)
 K - a wand of charming (15)
 M - a wand of polymorph (15)
Scrolls
 a - a scroll of summoning
 q - 3 scrolls of blinking
 u - a scroll of revelation
 A - a scroll of immolation
 D - a scroll of noise
 G - 5 scrolls of fog
 H - 3 scrolls of silence
 O - a scroll of fear
 S - a scroll of brand weapon
 T - 7 scrolls of identify
 U - 2 scrolls of teleportation
 Y - 4 scrolls of amnesia
Potions
 d - 4 potions of might
 e - 2 potions of brilliance
 j - a potion of resistance
 m - 2 potions of mutation
 s - 3 potions of berserk rage
 w - 2 potions of invisibility
 z - a potion of magic
 C - a potion of enlightenment
 L - a potion of haste
 N - 3 potions of cancellation
 Q - 3 potions of attraction
Miscellaneous
 x - a condenser vane
 P - a phial of floods


   Skills:
 * Level 16.5 Fighting
 - Level 10.5 Long Blades
 + Level 17.9(19.4) Axes
 * Level 12.9(17.0) Polearms
 * Level 19.0 Armour
 + Level 3.5 Dodging
 - Level 4.8 Shields
 * Level 13.9 Unarmed Combat
 + Level 0.9 Invocations


You had 15 spell levels left.
You didn't know any spells.
Your spell library contained the following spells:

 Spells                   Type           Power      Damage    Failure   Level
 Magic Dart               Conj           0%         1d3       100%        1
 Slow                     Hex            0%         N/A       100%        1
 Ensorcelled Hibernation  Hex/Ice        0%         N/A       100%        2
 Jinxbite                 Hex            0%         N/A       100%        2
 Searing Ray              Conj           0%         2d4       100%        2
 Confusing Touch          Hex            0%         N/A       100%        3
 Sigil of Binding         Hex            0%         N/A       100%        3
 Vampiric Draining        Necr           0%         2d6       100%        3
 Anguish                  Hex/Necr       0%         N/A       100%        4
 Cause Fear               Hex            0%         N/A       100%        4
 Fulminant Prism          Conj/Hex       0%         3d5       100%        4
 Manifold Assault         Tloc           0%         N/A       100%        4
 Dispersal                Tloc           0%         N/A       100%        6
 Enfeeble                 Hex            0%         N/A       100%        7
 Disjunction              Tloc           0%         N/A       100%        8


Dungeon Overview and Level Annotations

Branches:
Dungeon (14/15)            Temple (1/1) D:4            Lair (5/5) D:8
 Shoals (0/4) Lair:3        Snake (1/4) Lair:3        Slime (0/5) Lair:4
    Orc (2/2) D:9             Elf (1/3) Orc:2        Vaults (0/5) D:13
 Bailey (visited)

Altars:
Ashenzari
Cheibriados
Dithmenos
Elyvilon
Fedhas
Gozag
Hepliaklqana
Kikubaaqudgha
Makhleb
Nemelex Xobeh
Okawaru
Qazlal
Ru
Sif Muna
Trog
Uskayaw
Vehumet
Wu Jian
Xom
Yredelemnul
Zin
The Shining One
Jiyva

Shops:
D:7 ?   Orc:2 ([*:


Innate Abilities, Weirdness & Mutations

You have a pair of horns on your head.
You reflexively headbutt those who attack you in melee.
You possess an exceptional clarity of mind.
Armour fits poorly on your strangely shaped body.
Your natural rate of healing is unusually fast.
You are occasionally teleported next to monsters.
You are weak. (Str -2)


Message History

The naga warrior spits poison at you.
The splash of poison hits you but does no damage.
The naga mage hits you but does no damage.
The nagaraja hits you but does no damage.
The nagaraja constricts you.
* * * LOW HITPOINT WARNING * * *
The naga warrior roars a battlecry!
The nagaraja goes into a battle-frenzy!
You hit the nagaraja.
The nagaraja is lightly wounded.
You feel very sick.
The naga mage hits you from afar with a +0 spear!
Elyvilon protects you from harm! The nagaraja spits poison at you.
The splash of poison hits you but does no damage.
The nagaraja constricts you.
The naga mage hits you but does no damage. x2
The naga warrior spits poison at you.
The splash of poison hits you but does no damage.
You are more poisoned.
You have difficulty breathing.
Elyvilon protects you from harm!
You feel as though you will be slow longer.
You puncture the nagaraja! Your headbutt misses the nagaraja.
The nagaraja is lightly wounded.
You feel sick.
The naga warrior no longer looks unusually strong.
The nagaraja hits you with a +0 club.
* * * LOW HITPOINT WARNING * * *
The nagaraja constricts you. Elyvilon protects you from harm!
The naga mage hits you but does no damage.
The naga mage gestures at you while chanting.
The bolt of poison hits the naga warrior.
The bolt of poison hits you but does no damage.
You are lethally poisoned!
You resist.
The nagaraja hits you but does no damage.
The nagaraja constricts you.
You die...

#N.. .##
#..##.. #
#..... .#
#.... ..
#[.. .#
#(N#.# #
#NN.#...#
#@N......
#)!)[[...
#########


You could see a nagaraja (fast, strong, curare, catching breath), a naga warrior
(curare, catching breath), a naga sharpshooter (strong, fleeing) and 2 naga
magi.

Vanquished Creatures
  Rupert (Lair:4)
  Gastronok (D:10)
  3 orc warlords
  Snorg (Lair:4)
  A fire dragon (Lair:5)
  Josephine (Lair:4)
  Fannar (D:12)
  3 hydras
  A great orb of eyes (D:14)
  11 centaur warriors
  2 catoblepae (D:14)
  An ogre mage (D:12)
  A death knight (D:14)
  3 anacondas (Snake:1)
  5 two-headed ogres
  8 boulder beetles
  3 death yaks (Lair:3)
  2 tengu warriors (D:14)
  3 naga warriors (Snake:1)
  Urug (D:13)
  3 orc high priests
  2 skysharks
  A skeletal warrior (D:10)
  6 orc knights
  2 naga ritualists (Snake:1)
  3 harpies (Lair:3)
  2 lindwurms
  An arcanist (D:14)
  4 mana vipers (Snake:1)
  7 deep elf pyromancers
  An oklob plant (Lair:1)
  6 orc sorcerers
  8 cyclopes
  2 ugly things
  Maurice (D:9)
  10 elephants
  3 manticores
  2 salamanders (Snake:1)
  A wolf spider (D:14)
  10 black mambas
  A guardian serpent (Snake:1)
  Joseph (D:8)
  A naga mage (Snake:1)
  10 cane toads
  Maggie (D:10)
  5 molten gargoyles
  4 kobold demonologists
  2 gargoyles
  2 kobold blastminers (Orc:1)
  5 rime drakes
  11 komodo dragons
  Jeremiah (D:7)
  2 efreet
  A freezing wraith (D:12)
  A yaktaur (D:12)
  A polar bear (Lair:1)
  2 ice devils (D:13)
  A meliai (D:13)
  7 trolls
  5 hornets
  20 blink frogs
  8 dream sheep
  A slime creature (D:12)
  A centaur simulacrum (D:14)
  58 yaks
  4 wraiths
  2 shadows
  11 wyverns
  A fire elemental (Orc:2)
  7 basilisks
  Grum (D:9)
  4 steam dragons
  16 humans (D:13)
  6 vampire mosquitoes
  Edmund (D:7)
  Menkaure (D:4)
  2 wargs
  A naga (shapeshifter) (D:13)
  9 nagas
  5 hell hounds (Lair:5)
  Duvessa (D:4)
  3 acid dragons
  22 water moccasins
  5 black bears
  45 orc warriors
  A sky beast (D:8)
  6 ogres
  10 centaurs
  A phantom (D:5)
  20 wolves
  8 kobold brigands
  5 bullfrogs
  5 necrophages (Lair:4)
  A gnoll sergeant (D:12)
  5 scorpions
  4 wights (D:7)
  Dowan (D:4)
  7 howler monkeys
  5 lava snakes (Lair:5)
  3 hounds
  35 orc priests
  9 jellies
  Jessica (D:3)
  A sleepcap (D:6)
  Terence (D:3)
  Natasha (thrice) (D:3)
  4 iguanas
  36 orc wizards
  8 gnolls
  16 adders
  4 white imps
  2 ufetubi (D:7)
  2 worms
  3 dart slugs
  118 orcs
  13 endoplasms
  2 giant cockroaches
  9 goblins
  9 hobgoblins
  4 jackals (D:1)
  36 kobolds
  6 quokkas
  12 ball pythons
  3 bats (D:1)
  3 frilled lizards
  10 rats
859 creatures vanquished.

Vanquished Creatures (others)
  A deep elf knight (Orc:2)
  An unseen horror (D:13)
  A molten gargoyle (D:11)
3 creatures vanquished.

Grand Total: 862 creatures vanquished

Notes
Turn   | Place    | Note
-------+----------+-------------------------------------------
     0 | D:1      | TheLordTroll the Minotaur Fighter began the quest for the
                  | Orb.
     0 | D:1      | Reached XP level 1. HP: 19/19 MP: 0/0
   335 | D:1      | Reached skill level 4 in Armour
   336 | D:1      | Reached XP level 2. HP: 27/27 MP: 1/1
   627 | D:1      | Reached XP level 3. HP: 33/33 MP: 2/2
  1355 | D:2      | Found an opulent altar of Gozag.
  1423 | D:2      | Reached XP level 4. HP: 38/41 MP: 3/3
  1483 | D:2      | Found a faded altar of an unknown god.
  1848 | D:3      | Noticed Natasha
  1861 | D:3      | Killed Natasha
  1999 | D:3      | Reached XP level 5. HP: 47/47 MP: 4/4
  2076 | D:3      | Noticed Terence
  2080 | D:3      | Noticed Natasha
  2086 | D:3      | Killed Terence
  2087 | D:3      | Reached skill level 5 in Armour
  2180 | D:3      | Noticed Jessica
  2184 | D:3      | Killed Jessica
  2185 | D:3      | Reached skill level 5 in Long Blades
  2204 | D:3      | Killed Natasha
  2211 | D:3      | Identified the +0 ring mail of Gedgh {rElec rPois Int-2}
  2216 | D:3      | Found an ancient bone altar of Kikubaaqudgha.
  2385 | D:3      | Noticed Natasha
  2399 | D:3      | Killed Natasha
  2400 | D:3      | Reached XP level 6. HP: 55/55 MP: 5/5
  2456 | D:3      | Found a radiant altar of Vehumet.
  2571 | D:3      | Reached skill level 1 in Dodging
  2580 | D:3      | You fall into a shaft and drop 3 floors!
  2716 | D:6      | Reached skill level 5 in Fighting
  2959 | D:5      | Entered Level 5 of the Dungeon
  3062 | D:5      | Found a blossoming altar of Fedhas.
  3062 | D:5      | Found an iron altar of Okawaru.
  3080 | D:5      | Reached skill level 6 in Armour
  3080 | D:5      | Reached XP level 7. HP: 57/61 MP: 6/6
  3271 | D:4      | Noticed Duvessa
  3273 | D:4      | Noticed Dowan
  3300 | D:4      | Killed Duvessa
  3306 | D:4      | Killed Dowan
  3754 | D:4      | Noticed Edmund
  3769 | D:4      | Reached XP level 8. HP: 26/70 MP: 7/7
  3886 | D:4      | Noticed Menkaure
  3902 | D:4      | Killed Menkaure
  3903 | D:4      | Reached skill level 7 in Armour
  4016 | D:4      | Found a staircase to the Ecumenical Temple.
  4024 | Temple   | Entered the Ecumenical Temple
  4066 | Temple   | Became a worshipper of Elyvilon the Healer
  4745 | D:5      | Found a burning altar of Makhleb.
  4750 | D:5      | Identified the +0 pair of boots "Qulicryi" {rF+ Str+2
                  | Int-3}
  4844 | D:5      | Reached * piety under Elyvilon
  5060 | D:6      | Identified the +0 leather armour "Gizeqeso" {MP+9 Int+5}
  5695 | D:6      | Reached skill level 8 in Armour
  5722 | D:6      | Gained mutation: You have hidden genetic defects. [potion
                  | of mutation]
  5722 | D:6      | Gained mutation: You possess an exceptional clarity of
                  | mind. [potion of mutation]
  5722 | D:6      | Gained mutation: Your natural rate of healing is unusually
                  | fast. [potion of mutation]
  5844 | D:6      | Found a shadowy altar of Dithmenos.
  6027 | D:7      | Reached XP level 9. HP: 79/79 MP: 8/8
  6035 | D:7      | Reached ** piety under Elyvilon
  6154 | D:7      | Killed Edmund
  6155 | D:7      | Reached skill level 1 in Unarmed Combat
  6216 | D:7      | Found Himy's Magic Scroll Shop.
  6223 | D:7      | Bought a scroll of identify for 26 gold pieces
  6223 | D:7      | Bought a scroll of fog for 52 gold pieces
  6223 | D:7      | Bought a scroll of identify for 26 gold pieces
  6223 | D:7      | Bought a scroll of identify for 26 gold pieces
  6223 | D:7      | Bought a scroll of identify for 26 gold pieces
  6223 | D:7      | Bought a scroll of identify for 26 gold pieces
  6267 | D:7      | Gained mutation: You are weak. (Str -2) [hidden defects]
  6311 | D:7      | Found a flagged portal.
  6356 | Bailey   | Entered a bailey
  6402 | Bailey   | Reached skill level 10 in Long Blades
  6587 | Bailey   | Gained mutation: You are occasionally teleported next to
                  | monsters. [hidden defects]
  6587 | Bailey   | Lost mutation: You have hidden genetic defects. [hidden
                  | defects expressed]
  6690 | Bailey   | Noticed an orc knight
  6709 | Bailey   | Killed an orc knight
  6710 | Bailey   | Reached skill level 1 in Axes
  6710 | Bailey   | Reached skill level 9 in Armour
  6925 | D:7      | Reached XP level 10. HP: 76/88 MP: 9/9
  7226 | D:7      | Noticed Jeremiah
  7263 | D:7      | Killed Jeremiah
  7610 | D:8      | Reached skill level 5 in Unarmed Combat
  7617 | D:8      | Reached *** piety under Elyvilon
  7626 | D:8      | Reached skill level 10 in Armour
  7671 | D:8      | Reached skill level 5 in Axes
  7687 | D:8      | Noticed a two-headed ogre
  7700 | D:8      | Killed a two-headed ogre
  7725 | D:8      | Noticed a two-headed ogre
  7730 | D:8      | Killed a two-headed ogre
  7947 | D:8      | Found a staircase to the Lair.
  8030 | D:8      | Reached skill level 11 in Armour
  8056 | D:8      | Noticed Joseph
  8606 | D:8      | Killed Joseph
  8607 | D:8      | Reached XP level 11. HP: 94/99 MP: 10/10
  8648 | D:9      | Noticed Grum
  8686 | D:9      | Killed Grum
  8738 | D:9      | Reached **** piety under Elyvilon
  8883 | D:9      | Found a transporter.
  8971 | D:9      | Noticed Maurice
  9017 | D:9      | Something stole 2 throwing nets
  9022 | D:9      | Something stole a +5 great sword
  9023 | D:9      | Something stole 389 gold
  9024 | D:9      | Found a transporter.
  9024 | D:9      | Identified the +1 long sword of Pain and Death {flame,
                  | Dex+5 SInv}
  9134 | D:9      | Found a stormy altar of Qazlal.
  9166 | D:9      | Something stole 13 poisoned darts
  9167 | D:9      | Something stole an amulet of reflection
  9174 | D:9      | Something stole a +0 buckler
  9205 | D:9      | Killed Maurice
  9206 | D:9      | Reached skill level 10 in Fighting
  9433 | D:9      | Noticed a deep elf pyromancer
  9447 | D:9      | Killed a deep elf pyromancer
  9448 | D:9      | Reached skill level 10 in Axes
  9448 | D:9      | Reached skill level 12 in Armour
  9600 | D:9      | Found a staircase to the Orcish Mines.
  9956 | Lair:1   | Entered Level 1 of the Lair of Beasts
 10303 | Lair:1   | Reached ***** piety under Elyvilon
 10523 | Lair:1   | Reached skill level 13 in Armour
 10556 | Lair:1   | Reached XP level 12. HP: 101/108 MP: 11/11
 10936 | Lair:2   | Identified the staff of Destruction {rElec rF++ Dex-5 SInv
                  | Earth}
 11331 | Lair:2   | Reached skill level 14 in Armour
 11369 | Lair:2   | Noticed an eight-headed hydra
 11383 | Lair:2   | Killed a three-headed hydra
 11866 | Lair:3   | Reached skill level 10 in Unarmed Combat
 11866 | Lair:3   | Found a staircase to the Shoals.
 11875 | Lair:3   | Reached skill level 15 in Axes
 12064 | Lair:3   | Noticed a death yak
 12064 | Lair:3   | Noticed a death yak
 12064 | Lair:3   | Noticed a death yak
 12070 | Lair:3   | Killed a death yak
 12073 | Lair:3   | Killed a death yak
 12073 | Lair:3   | Killed a death yak
 12074 | Lair:3   | Reached XP level 13. HP: 106/118 MP: 12/12
 12106 | Lair:3   | Reached skill level 15 in Armour
 12633 | Lair:3   | Found a staircase to the Snake Pit.
 12898 | D:10     | Entered Level 10 of the Dungeon
 12994 | D:10     | Noticed Gastronok
 13003 | D:10     | Killed Gastronok
 13092 | D:10     | Identified the +0 pair of gloves of Kikubaaqudgha's Grace
                  | {Str+3}
 13167 | D:10     | Noticed Maggie
 13179 | D:10     | Killed Maggie
 13338 | D:10     | Found an iron altar of Okawaru.
 13345 | D:10     | Found a glowing silver altar of Zin.
 13345 | D:10     | Found an ornate altar of the Wu Jian Council.
 13347 | D:10     | Found a shimmering altar of Xom.
 13347 | D:10     | Found an ancient bone altar of Kikubaaqudgha.
 13347 | D:10     | Found an ancient bone altar of Kikubaaqudgha.
 14000 | D:11     | Reached ****** piety under Elyvilon
 14117 | D:11     | Paralysed by a hornet for 3 turns
 14248 | D:11     | Identified a scroll of acquirement
 14249 | D:11     | Acquired the ring "Rolua" {AC+4 Int+2}
 14379 | D:12     | Noticed Fannar
 14389 | D:12     | Killed Fannar
 14486 | D:12     | Reached skill level 16 in Armour
 14636 | D:12     | Reached XP level 14. HP: 128/129 MP: 13/13
 14693 | D:12     | Found an ornate altar of the Wu Jian Council.
 14728 | D:12     | Found the +18 shield of the Gong {Loud rN+ Will+ rCorr
                  | EV-5}
 14750 | D:12     | Identified the +11 chain mail of Precision Catastrophes
                  | {Int+3}
 14826 | D:12     | Reached skill level 1 in Polearms
 15164 | D:13     | Noticed Urug
 15164 | D:13     | Found a gate to the Vaults.
 15223 | D:13     | Killed Urug
 15313 | D:13     | Reached skill level 5 in Polearms
 15940 | D:13     | Reached skill level 17 in Armour
 16628 | D:14     | Found a radiant altar of Vehumet.
 17726 | Orc:1    | Entered Level 1 of the Orcish Mines
 17779 | Orc:1    | Found an ornate altar of the Wu Jian Council.
 17779 | Orc:1    | Found a transporter.
 17879 | Orc:1    | Reached XP level 15. HP: 57/139 MP: 14/14
 17945 | Orc:1    | Found a transporter.
 18226 | Orc:1    | Found a transporter.
 18246 | Orc:1    | Found a transporter.
 18247 | Orc:1    | Found an ornate altar of the Wu Jian Council.
 18593 | Orc:2    | Entered Level 2 of the Orcish Mines
 18647 | Orc:1    | Reached skill level 10 in Polearms
 18983 | Orc:2    | Reached skill level 15 in Fighting
 19018 | Orc:2    | Gained mutation: Armour fits poorly on your strangely
                  | shaped body. [a neqoxec]
 19133 | Orc:2    | Found Xiogick's Antique Armour Emporium.
 19134 | Orc:2    | Found Osam's Antique Weapon Emporium.
 19138 | Orc:2    | Found Tippeq's General Store.
 19138 | Orc:2    | Found Bitwogil's Book Shoppe.
 19579 | Orc:2    | Found a staircase to the Elven Halls.
 19789 | Elf:1    | Entered Level 1 of the Elven Halls
 19854 | Orc:2    | Upgraded the game from 0.31-a0-1096-g246cf0196b to
                  | 0.31-a0-1098-g6898e6545c
 20215 | Lair:4   | Found an ornate altar of the Wu Jian Council.
 20234 | Lair:4   | Reached skill level 18 in Armour
 20246 | Lair:4   | Found a hide-covered altar of Uskayaw.
 20247 | Lair:4   | Noticed Josephine
 20266 | Lair:4   | Killed Josephine
 20361 | Lair:4   | Noticed Snorg
 20374 | Lair:4   | Killed Snorg
 20462 | Lair:4   | Found a staircase to the Slime Pits.
 20467 | Lair:4   | Found a viscous altar of Jiyva.
 20759 | Lair:4   | Noticed Rupert
 20760 | Lair:4   | Paralysed by Rupert for 5 turns
 20794 | Lair:4   | Killed Rupert
 21095 | Lair:5   | Entered Level 5 of the Lair of Beasts
 21875 | Lair:5   | Found a large runed translucent door.
 21890 | Lair:5   | Found a large runed translucent door.
 21934 | Lair:5   | Reached XP level 16. HP: 146/151 MP: 15/15
 22139 | Lair:5   | Identified the +0 long sword of Attainder {pain, rN+++
                  | Will+++ Str-2 Int-2}
 22832 | Snake:1  | Entered Level 1 of the Snake Pit
 23197 | Snake:1  | Reached skill level 19 in Armour
 23234 | Snake:1  | HP: 7/159 [poisoned by a naga mage (bolt of poison)]
 23234 | Snake:1  | Elyvilon protects you from harm!
 23234 | Snake:1  | Elyvilon protects you from harm!
 23235 | Snake:1  | HP: 3/159 [nagaraja/+0 club (4)]
 23235 | Snake:1  | Elyvilon protects you from harm!
 23235 | Snake:1  | Constricted to death by a nagaraja

Illustrated notes

Levels and vault maps discovered:
D:1:      amcnicky_arrival_blooded_trapdoor, layout_loops_ring, minivault_26
D:2:      layout_basic, basic_ecumenical_altar, basic_altar,
          columned_hall_lemuel, kennysheep_boxes
D:3:      layout_basic, old_standard_altar, kiku_gazebo_pond_becter,
          minmay_hedge_maze, corexii_corridor_pit, uniq_jessica, uniq_terence,
          uniq_natasha
D:4:      layout_rooms, minmay_temple_entry_nine_rooms, minmay_manual_mess,
          uniq_edmund, uniq_menkaure, uniq_duvessa
D:5:      layout_cave_pools, mainiacjoe_overflow_divided_tiny,
          lemuel_tele_altar, minmay_misc_feat_secret_circle
D:6:      layout_loops_corners, mainiacjoe_overflow_chevrons,
          serial_bayou_crossing
D:7:      layout_cave_pods, enter_bailey_3, serial_shops, shop,
          hangedman_decor_riveting, uniq_jeremiah
D:8:      layout_basic, minmay_lair_entry_grove, nicolae_fountain_basement,
          uniq_joseph
D:9:      gammafunk_beogh_shrine, layout_basic, grunt_qazlal_sundering,
          hiddenorc1_lemuel, serial_co_window_serial, co_window_cross_1,
          co_window_corner_a, co_window_corner_a, co_window_paths_a,
          co_window_paths_a, co_window_paths_b, co_window_of_opportunity_a,
          co_window_of_opportunity_b, co_window_cross_3, co_window_2corner,
          co_window_corner_cb, co_window_of_opportunity_b, glass_columns_b,
          glass_columns_a, glass_columns_a, uniq_maurice, uniq_grum
D:10:     layout_irregular_city, doesnt_xom_only_xom,
          kennysheep_generic_room_10, uniq_gastronok, uniq_maggie
D:11:     layout_basic, st_stairs_9, minivault_8
D:12:     minmay_the_grid_octo_tiled_squarecenter_mashed
          [minmay_the_grid_octo_vomiting_pacman, minmay_the_grid_octo_teeth,
          minmay_the_grid_octo_fan_narrow, minmay_the_grid_octo_empty,
          minmay_the_grid_square_5x5_megaprize_checkered,
          minmay_the_grid_square_5x5_detours, minmay_the_grid_square_5x5_forky,
          minmay_the_grid_square_5x5_bite,
          minmay_the_grid_square_5x5_checkered], layout_rooms, uniq_fannar
D:13:     layout_loops_corners, david_vaults_3, portal_ice_cave_demonic_guard,
          minmay_joined_circles
D:14:     kennysheep_bubbly, layout_loops_ring, serial_bayou_lagoon_a,
          nicolae_vehumet_radiance
Temple:   nicolae_temple_great_sept
Lair:1:   layout_long_grid, grunt_megastairs_4, lemuel_fruit_fields
Lair:2:   cheibrodos_lair_overgrown_chateau, layout_big_grid,
          gauntlet_entry_generic, lemuel_fruit_tree, infiniplex_staircase_pool
Lair:3:   layout_roguey, nicolae_shoals_entry_roost, nicolae_snake_entry_squirm
Lair:4:   layout_cave_pods, nicolae_slime_entry_slimehenge,
          roderic_carrion_pond, nzn_masters_of_martial_movement, uniq_rupert,
          uniq_josephine, uniq_snorg
Lair:5:   cheibrodos_lair_end_hotspot, layout_gridlike, st_stairs_11
Snake:1:  kennysheep_six_static_rooms, layout_chambers, serial_shops, shop,
          gammafunk_ghost_grave, hangedman_snake_sidewinding
Orc:1:    dreamdust_wu_jian_sword_trials, layout_diamond_mine,
          nicolae_orc_sculptors_studio, hangedman_feature_mirror
Orc:2:    st_orc_congregation, layout_caves
Elf:1:    minmay_elf_arrival_circle, layout_onion_city, serial_shops, shop,
          hangedman_elf_represent, kilobyte_rumbling_trees, uniq_frances

Skill      XL: |  1  2  3  4  5  6  7  8  9 10 11 12 13 14 15 16 |
---------------+-------------------------------------------------+-----
Armour         | 4 5 6 8 9 11 13 14 16 17 18 19 | 19.0
Long Blades    | 3 4 5 6 7 9 10 | 10.5
Fighting       | 4 5 7 8 9 10 12 13 14 16 | 16.5
Dodging        | 1 2 3 |  3.5
Shields        | 4 |  4.8
Unarmed Combat | 4 6 8 10 11 13 | 13.9
Axes           | 2 8 12 15 17 | 17.9
Polearms       | 9 12 | 12.9
Invocations    | |  0.9

Action                     |  1- 3 |  4- 6 |  7- 9 | 10-12 | 13-15 | 16-18 || total
---------------------------+-------+-------+-------+-------+-------+-------++-------
  Melee: Long sword        |    95 |   255 |   438 |     6 |       |       ||   794
         Headbutt          |    14 |    65 |    87 |   106 |   422 |    42 ||   736
         Executioner's axe |       |       |    45 |   523 |   247 |       ||   815
         Lance             |       |       |       |       |  1368 |   166 ||  1534
         Punch             |       |       |       |       |   101 |       ||   101
 Invoke: Purification      |       |       |     1 |     2 |       |     1 ||     4
         Heal Self         |       |       |       |     1 |     7 |     8 ||    16
         Divine Vigour     |       |       |       |       |       |     1 ||     1
    Use: Scroll            |       |     5 |    13 |     8 |    12 |     3 ||    41
         Potion            |       |       |     6 |     1 |     8 |     2 ||    17
 Armour: Scale mail        |    64 |    86 |   329 |       |       |       ||   479
         Crystal plate arm |       |       |   106 |   866 |  1646 |   170 ||  2788
         Skin              |       |       |       |       |     3 |       ||     3
  Dodge: Dodged            |    60 |    52 |   253 |   201 |   457 |    48 ||  1071
  Block: Buckler           |    12 |    25 |    90 |       |       |       ||   127
         Kite shield       |       |       |       |       |   107 |    90 ||   197

Table legend: (Time is in decaauts)
 A = Elapsed time spent in this place.
 B = Non-inter-level travel time spent in this place.
 C = Inter-level travel time spent in this place.
 D = Time resting spent in this place.
 E = Time spent auto-exploring this place.
 F = Levels seen in this place.
 G = Mean time per level.
                   A        B        C        D        E       F      G
               +--------+--------+--------+--------+--------+-----+--------+
         Total |  22941 |  20572 |   2369 |   1867 |  11681 |  25 |  917.6 |
       Dungeon |  14323 |  13212 |   1111 |   1392 |   7546 |  14 | 1023.1 |
        Temple |     52 |      2 |     50 |      0 |      0 |   1 |   52.0 |
          Lair |   5633 |   4640 |    993 |    193 |   2855 |   5 | 1126.6 |
     Snake Pit |    341 |    341 |      0 |     29 |    142 |   1 |  341.0 |
  Orcish Mines |   1983 |   1768 |    215 |    211 |    964 |   2 |  991.5 |
   Elven Halls |     18 |     18 |      0 |      0 |      0 |   1 |   18.0 |
        Bailey |    588 |    588 |      0 |     41 |    173 |   1 |  588.0 |
               +--------+--------+--------+--------+--------+-----+--------+

Top non-repeatable levels by time:
  Lair:5: 1460 daAuts
     D:6: 1424 daAuts
     D:9: 1389 daAuts
     D:8: 1183 daAuts
     D:7: 1168 daAuts
  Lair:1: 1151 daAuts
     D:1: 1139 daAuts
    D:13: 1120 daAuts
    D:14: 1105 daAuts
  Lair:4: 1095 daAuts
   Orc:2: 1068 daAuts
  Lair:3: 1022 daAuts
     D:5: 991 daAuts
     D:3: 991 daAuts
   Orc:1: 914 daAuts
